%YAML 1.1
%TAG !u! tag:unity3d.com,2011:
--- !u!1 &746898577064871067
GameObject:
  m_ObjectHideFlags: 0
  m_CorrespondingSourceObject: {fileID: 0}
  m_PrefabInstance: {fileID: 0}
  m_PrefabAsset: {fileID: 0}
  serializedVersion: 6
  m_Component:
  - component: {fileID: 1287083656900908239}
  - component: {fileID: 7681476424691606067}
  m_Layer: 0
  m_Name: Sapper
  m_TagString: Untagged
  m_Icon: {fileID: 0}
  m_NavMeshLayer: 0
  m_StaticEditorFlags: 0
  m_IsActive: 1
--- !u!4 &1287083656900908239
Transform:
  m_ObjectHideFlags: 0
  m_CorrespondingSourceObject: {fileID: 0}
  m_PrefabInstance: {fileID: 0}
  m_PrefabAsset: {fileID: 0}
  m_GameObject: {fileID: 746898577064871067}
  m_LocalRotation: {x: 0, y: 0, z: 0, w: 1}
  m_LocalPosition: {x: 0, y: 0, z: 0}
  m_LocalScale: {x: 1, y: 1, z: 1}
  m_ConstrainProportionsScale: 0
  m_Children:
  - {fileID: 7166587392167086331}
  - {fileID: 5478121226082332569}
  m_Father: {fileID: 0}
  m_RootOrder: 0
  m_LocalEulerAnglesHint: {x: 0, y: 0, z: 0}
--- !u!114 &7681476424691606067
MonoBehaviour:
  m_ObjectHideFlags: 0
  m_CorrespondingSourceObject: {fileID: 0}
  m_PrefabInstance: {fileID: 0}
  m_PrefabAsset: {fileID: 0}
  m_GameObject: {fileID: 746898577064871067}
  m_Enabled: 1
  m_EditorHideFlags: 0
  m_Script: {fileID: 11500000, guid: f9b0a9eafa89404bb84dacbef869114b, type: 3}
  m_Name: 
  m_EditorClassIdentifier: 
  _staticTargets: []
  _taskState: {fileID: 7363178143472726508}
  _areaRoster: {fileID: 2211854767923129951}
--- !u!1 &2547291669383390354
GameObject:
  m_ObjectHideFlags: 0
  m_CorrespondingSourceObject: {fileID: 0}
  m_PrefabInstance: {fileID: 0}
  m_PrefabAsset: {fileID: 0}
  serializedVersion: 6
  m_Component:
  - component: {fileID: 5478121226082332569}
  - component: {fileID: 2211854767923129951}
  m_Layer: 0
  m_Name: AreaRoster
  m_TagString: Untagged
  m_Icon: {fileID: 0}
  m_NavMeshLayer: 0
  m_StaticEditorFlags: 0
  m_IsActive: 1
--- !u!4 &5478121226082332569
Transform:
  m_ObjectHideFlags: 0
  m_CorrespondingSourceObject: {fileID: 0}
  m_PrefabInstance: {fileID: 0}
  m_PrefabAsset: {fileID: 0}
  m_GameObject: {fileID: 2547291669383390354}
  m_LocalRotation: {x: 0, y: 0, z: 0, w: 1}
  m_LocalPosition: {x: 0, y: 0, z: 0}
  m_LocalScale: {x: 1, y: 1, z: 1}
  m_ConstrainProportionsScale: 0
  m_Children:
  - {fileID: 3732355961787511073}
  m_Father: {fileID: 1287083656900908239}
  m_RootOrder: 1
  m_LocalEulerAnglesHint: {x: 0, y: 0, z: 0}
--- !u!114 &2211854767923129951
MonoBehaviour:
  m_ObjectHideFlags: 0
  m_CorrespondingSourceObject: {fileID: 0}
  m_PrefabInstance: {fileID: 0}
  m_PrefabAsset: {fileID: 0}
  m_GameObject: {fileID: 2547291669383390354}
  m_Enabled: 1
  m_EditorHideFlags: 0
  m_Script: {fileID: 11500000, guid: 109b001b4b32465a8a78b942b7a6c2c7, type: 3}
  m_Name: 
  m_EditorClassIdentifier: 
  _areas:
  - {fileID: 2584355921257392288}
--- !u!1 &5079438815607755975
GameObject:
  m_ObjectHideFlags: 0
  m_CorrespondingSourceObject: {fileID: 0}
  m_PrefabInstance: {fileID: 0}
  m_PrefabAsset: {fileID: 0}
  serializedVersion: 6
  m_Component:
  - component: {fileID: 7166587392167086331}
  - component: {fileID: 8748770300045579386}
  - component: {fileID: 7363178143472726508}
  m_Layer: 0
  m_Name: State
  m_TagString: Untagged
  m_Icon: {fileID: 0}
  m_NavMeshLayer: 0
  m_StaticEditorFlags: 0
  m_IsActive: 1
--- !u!4 &7166587392167086331
Transform:
  m_ObjectHideFlags: 0
  m_CorrespondingSourceObject: {fileID: 0}
  m_PrefabInstance: {fileID: 0}
  m_PrefabAsset: {fileID: 0}
  m_GameObject: {fileID: 5079438815607755975}
  m_LocalRotation: {x: 0, y: 0, z: 0, w: 1}
  m_LocalPosition: {x: 0, y: 0, z: 0}
  m_LocalScale: {x: 1, y: 1, z: 1}
  m_ConstrainProportionsScale: 0
  m_Children: []
  m_Father: {fileID: 1287083656900908239}
  m_RootOrder: 0
  m_LocalEulerAnglesHint: {x: 0, y: 0, z: 0}
--- !u!114 &8748770300045579386
MonoBehaviour:
  m_ObjectHideFlags: 0
  m_CorrespondingSourceObject: {fileID: 0}
  m_PrefabInstance: {fileID: 0}
  m_PrefabAsset: {fileID: 0}
  m_GameObject: {fileID: 5079438815607755975}
  m_Enabled: 1
  m_EditorHideFlags: 0
  m_Script: {fileID: 11500000, guid: 9b91ecbcc199f4492b9a91e820070131, type: 3}
  m_Name: 
  m_EditorClassIdentifier: 
  sceneId: 0
  serverOnly: 0
  visible: 0
  m_AssetId: 30c70f8068a60fb44b44820852b49597
  hasSpawned: 0
--- !u!114 &7363178143472726508
MonoBehaviour:
  m_ObjectHideFlags: 0
  m_CorrespondingSourceObject: {fileID: 0}
  m_PrefabInstance: {fileID: 0}
  m_PrefabAsset: {fileID: 0}
  m_GameObject: {fileID: 5079438815607755975}
  m_Enabled: 1
  m_EditorHideFlags: 0
  m_Script: {fileID: 11500000, guid: dffc8d4cf3be4edebfefa8b127aa75fd, type: 3}
  m_Name: 
  m_EditorClassIdentifier: 
  syncMode: 0
  syncInterval: 0.1
  _status: 0
  _statusChanged:
    m_PersistentCalls:
      m_Calls: []
  _activated:
    m_PersistentCalls:
      m_Calls: []
  _deactivated:
    m_PersistentCalls:
      m_Calls: []
  _completed:
    m_PersistentCalls:
      m_Calls: []
  <CompletedAreasCountChanged>k__BackingField:
    m_PersistentCalls:
      m_Calls: []
--- !u!1001 &8709869754779542889
PrefabInstance:
  m_ObjectHideFlags: 0
  serializedVersion: 2
  m_Modification:
    m_TransformParent: {fileID: 5478121226082332569}
    m_Modifications:
    - target: {fileID: 943152944411347495, guid: 55c8df036bf71e04b8daa1d52aa72d8a, type: 3}
      propertyPath: m_AssetId
      value: 30c70f8068a60fb44b44820852b49597
      objectReference: {fileID: 0}
    - target: {fileID: 4218132735457241918, guid: 55c8df036bf71e04b8daa1d52aa72d8a, type: 3}
      propertyPath: m_AssetId
      value: 30c70f8068a60fb44b44820852b49597
      objectReference: {fileID: 0}
    - target: {fileID: 5327958823522843815, guid: 55c8df036bf71e04b8daa1d52aa72d8a, type: 3}
      propertyPath: m_Name
      value: A_CapturableArea
      objectReference: {fileID: 0}
    - target: {fileID: 5410038790488740936, guid: 55c8df036bf71e04b8daa1d52aa72d8a, type: 3}
      propertyPath: m_RootOrder
      value: 0
      objectReference: {fileID: 0}
    - target: {fileID: 5410038790488740936, guid: 55c8df036bf71e04b8daa1d52aa72d8a, type: 3}
      propertyPath: m_LocalPosition.x
      value: 0
      objectReference: {fileID: 0}
    - target: {fileID: 5410038790488740936, guid: 55c8df036bf71e04b8daa1d52aa72d8a, type: 3}
      propertyPath: m_LocalPosition.y
      value: 0
      objectReference: {fileID: 0}
    - target: {fileID: 5410038790488740936, guid: 55c8df036bf71e04b8daa1d52aa72d8a, type: 3}
      propertyPath: m_LocalPosition.z
      value: 0
      objectReference: {fileID: 0}
    - target: {fileID: 5410038790488740936, guid: 55c8df036bf71e04b8daa1d52aa72d8a, type: 3}
      propertyPath: m_LocalRotation.w
      value: 1
      objectReference: {fileID: 0}
    - target: {fileID: 5410038790488740936, guid: 55c8df036bf71e04b8daa1d52aa72d8a, type: 3}
      propertyPath: m_LocalRotation.x
      value: 0
      objectReference: {fileID: 0}
    - target: {fileID: 5410038790488740936, guid: 55c8df036bf71e04b8daa1d52aa72d8a, type: 3}
      propertyPath: m_LocalRotation.y
      value: 0
      objectReference: {fileID: 0}
    - target: {fileID: 5410038790488740936, guid: 55c8df036bf71e04b8daa1d52aa72d8a, type: 3}
      propertyPath: m_LocalRotation.z
      value: 0
      objectReference: {fileID: 0}
    - target: {fileID: 5410038790488740936, guid: 55c8df036bf71e04b8daa1d52aa72d8a, type: 3}
      propertyPath: m_LocalEulerAnglesHint.x
      value: 0
      objectReference: {fileID: 0}
    - target: {fileID: 5410038790488740936, guid: 55c8df036bf71e04b8daa1d52aa72d8a, type: 3}
      propertyPath: m_LocalEulerAnglesHint.y
      value: 0
      objectReference: {fileID: 0}
    - target: {fileID: 5410038790488740936, guid: 55c8df036bf71e04b8daa1d52aa72d8a, type: 3}
      propertyPath: m_LocalEulerAnglesHint.z
      value: 0
      objectReference: {fileID: 0}
    - target: {fileID: 6558039722561949129, guid: 55c8df036bf71e04b8daa1d52aa72d8a, type: 3}
      propertyPath: _id
      value: Area_A
      objectReference: {fileID: 0}
    m_RemovedComponents: []
  m_SourcePrefab: {fileID: 100100000, guid: 55c8df036bf71e04b8daa1d52aa72d8a, type: 3}
--- !u!114 &2584355921257392288 stripped
MonoBehaviour:
  m_CorrespondingSourceObject: {fileID: 6558039722561949129, guid: 55c8df036bf71e04b8daa1d52aa72d8a, type: 3}
  m_PrefabInstance: {fileID: 8709869754779542889}
  m_PrefabAsset: {fileID: 0}
  m_GameObject: {fileID: 0}
  m_Enabled: 1
  m_EditorHideFlags: 0
  m_Script: {fileID: 11500000, guid: 75e7faf64bba45ce949cabe7ee246e31, type: 3}
  m_Name: 
  m_EditorClassIdentifier: 
--- !u!4 &3732355961787511073 stripped
Transform:
  m_CorrespondingSourceObject: {fileID: 5410038790488740936, guid: 55c8df036bf71e04b8daa1d52aa72d8a, type: 3}
  m_PrefabInstance: {fileID: 8709869754779542889}
  m_PrefabAsset: {fileID: 0}
